 Dungeon Crawl Stone Soup version 0.30-b1-2-g02819fbbbe (webtiles) character file.

Game seed: 17593679144389748444

10201 Alarkh the Martial Artist (level 11, -11/126 HPs)
             Began as a Demonspawn Delver on May 22, 2023.
             Was a Believer of Uskayaw.
             Mangled by a troll (13 damage)
             ... on level 11 of the Dungeon.
             The game lasted 00:18:33 (12288 turns).

Alarkh the Martial Artist (Demonspawn Delver)      Turns: 12288, Time: 00:18:34

Health: -11/126    AC: 25    Str: 19    XL:     11   Next: 33%
Magic:  14/14      EV:  2    Int: 16    God:    Uskayaw [**....]
Gold:   337        SH:  0    Dex: 20    Spells: 10/10 levels left

rFire   . .          .
                       - Unarmed
rCold   . . .        (no shield)
rNeg    . . .        E - melded +4 ring mail
rPois   +            U - melded +2 hat
rElec   .            t - melded +2 cloak
rCorr   .            o - melded +0 pair of gloves
SInv    .            m - melded +0 pair of boots
Will    .....        j - amulet of the acrobat
Stlth   ++++++       H - +2 ring of slaying
HPRegen 0.41/turn    D - +6 ring of strength
MPRegen 0.14/turn

%: acrobat
@: tree-form
A: stationary, stasis, torment immunity, boosted hp, (claws 1), thin skeletal
structure 3, ignite blood 2
a: Renounce Religion, Stomp, Line Pass


You were on level 11 of the Dungeon.
You worshipped Uskayaw.
Uskayaw was noncommittal.
You were a tree.
You visited 3 branches of the dungeon, and saw 13 of its levels.

You collected 610 gold pieces.
You spent 273 gold pieces at shops.

Inventory:

Hand Weapons
 K - the +8 long sword of Fyjih {venom, Stlth+}
   (You found it on level 7 of the Dungeon)

   Stlth:     It makes you more stealthy.
Missiles
 g - 5 boomerangs
Armour
 k - a +1 ring mail of cold resistance
 m - a +0 pair of boots (melded)
 o - a +0 pair of gloves (melded)
 t - a +2 cloak (melded)
 v - a +0 helmet
 y - a +1 leather armour of positive energy
 E - a +4 ring mail (melded)
 R - an orb of guile
 S - a +0 kite shield
 U - a +2 hat (melded)
Magical Staves
 G - a staff of death
Jewellery
 j - an amulet of the acrobat (around neck)
 B - a ring of resist corrosion
 D - a +6 ring of strength (right branch)
 F - a ring of ice
 H - a +2 ring of slaying (left branch)
Wands
 e - a wand of flame (52) (quivered)
 f - a wand of digging (3)
 L - a wand of roots (15)
 N - a wand of paralysis (14)
Scrolls
 b - 2 scrolls of fog
 c - 5 scrolls of magic mapping
 d - 3 scrolls of fear
 i - a scroll of brand weapon {unknown}
 p - a scroll of teleportation {unknown}
 r - 2 scrolls of identify
 w - 2 scrolls of blinking
 z - a scroll of enchant weapon {unknown}
 C - a scroll of amnesia {unknown}
 I - 2 scrolls of poison {unknown}
 J - a scroll of immolation {unknown}
 O - 2 scrolls of vulnerability {unknown}
 P - a scroll of torment {unknown}
 T - 2 scrolls of silence
Potions
 a - 2 potions of haste
 h - a potion of degeneration
 l - a potion of mutation
 n - a potion of might
 q - 7 potions of curing
 s - 2 potions of brilliance
 u - 3 potions of attraction
 x - 2 potions of ambrosia
 A - 2 potions of berserk rage
 M - 2 potions of invisibility {unknown}
 V - 2 potions of flight {unknown}


   Skills:
 + Level 7.2 Fighting
 - Level 4.0 Armour
 - Level 4.0 Dodging
 - Level 4.5 Stealth
 * Level 13.9 Unarmed Combat
 + Level 4.4 Invocations


You had 10 spell levels left.
You didn't know any spells.
Your spell library contained the following spells:

 Spells                   Type           Power      Damage    Failure   Level
 Apportation              Tloc           0%         N/A       26%         1
 Foxfire                  Conj/Fire      0%         2x1d4     26%         1
 Magic Dart               Conj           0%         1d3       26%         1
 Poisonous Vapours        Pois/Air       0%         N/A       36%         2
 Searing Ray              Conj           0%         2d4       36%         2
 Static Discharge         Conj/Air       0%         2-2/arc   36%         2
 Call Canine Familiar     Summ           0%         N/A       58%         3
 Mephitic Cloud           Conj/Pois/Air  0%         N/A       58%         3
 Portal Projectile        Hex/Tloc       0%         N/A       58%         3
 Vhi's Electric Charge    Tloc/Air       0%         N/A       58%         3
 Airstrike                Air            0%         2d(0-16)  94%         4
 Fulminant Prism          Conj/Hex       0%         3d5       94%         4
 Leda's Liquefaction      Hex/Erth       0%         N/A       94%         4
 Manifold Assault         Tloc           0%         N/A       94%         4
 Summon Lightning Spire   Summ/Air       0%         N/A       94%         4
 Alistair's Intoxication  Tmut/Pois      0%         N/A       100%        5
 Arcjolt                  Conj/Air       0%         1d10      100%        5
 Fireball                 Conj/Fire      0%         3d3       100%        5
 Freezing Cloud           Conj/Ice/Air   0%         6-21      100%        5
 Dispersal                Tloc           0%         N/A       100%        6
 Plasma Beam              Fire/Air       0%         2x1d11    100%        6
 Starburst                Conj/Fire      0%         6d3       100%        6
 Disjunction              Tloc           0%         N/A       100%        8
 Maxwell's Capacitive Co  Air            0%         ∞         100%        8


Dungeon Overview and Level Annotations

Branches:
Dungeon (11/15)            Temple (1/1) D:6            Lair (1/5) D:11
    Orc (0/2) D:11

Altars:
Ashenzari
Cheibriados
Dithmenos
Fedhas
Gozag
Hepliaklqana
Kikubaaqudgha
Makhleb
Nemelex Xobeh
Okawaru
Qazlal
Ru
Sif Muna
Trog
Uskayaw
Vehumet
Wu Jian
Xom
Yredelemnul

Shops:
D:3 =   D:7 ?


Innate Abilities, Weirdness & Mutations

You are a tree.
Your roots penetrate the ground, keeping you stationary.
You cannot be teleported.
You are immune to unholy pain and torment.
Your maximum health is greatly increased.
Your equipment is partially melded.
((You have sharp fingernails.))
You have an unnaturally thin skeletal structure. (Dex +6, Stealth+++)
Your demonic aura often causes spilled blood to erupt in flames.


Message History

The gargoyle hurls a stone arrow at you.
The stone arrow misses you.
You hit the gargoyle.
The gargoyle is almost destroyed.
The gargoyle hits you with a +0 morningstar!
You hit the gargoyle.
You punch the gargoyle, but do no damage.
The gargoyle is almost destroyed.
The gargoyle hurls a stone arrow at you.
The stone arrow hits you!!
* * * LOW HITPOINT WARNING * * *
You feel better.
The gargoyle hurls a stone arrow at you.
The stone arrow misses you. The troll attacks as you move away!
The troll bites you.
* * * LOW HITPOINT WARNING * * *
The troll claws you but does no damage. The troll closely misses you.
The gargoyle hurls a stone arrow at you.
The stone arrow misses you.
Really quaff the potion of lignification?
You turn into a tree.
Your +2 cloak melds into your body.
Your +2 hat melds into your body.
Your +0 pair of gloves melds into your body.
Your +0 pair of boots melds into your body.
Your +4 ring mail melds into your body.
Your roots penetrate the ground.
The troll bites you.
* * * LOW HITPOINT WARNING * * *
The troll claws you.
* * * LOW HITPOINT WARNING * * *
The troll claws you but does no damage.
You barely miss the troll.
Unknown command.
You pummel the troll!!
The troll is severely wounded.
The gargoyle hurls a stone arrow at you.
The stone arrow hits you!!
* * * LOW HITPOINT WARNING * * *
The troll is engulfed in blazing flames.
The troll bites you!
You die...

..........####........# #..# #<#
##.#........##........# #..# #.#
#####.##....##).#####.####..###.#
......##....##..### #.#..........
......##....##....###.#####.#...#
#......##'#.###.#.#.....[.>......
#......##.#>###...###.########...
#......##.#.......# #.## #.<....
................♣.# #..## #.#....
..###'##.......T.####...#####.##.
..# #.##........9#....8....##....
... ...'.........#.........#.....
..# #.##.........#..)......####..
.# .. #.........#.........## #..
. # #....#####...........###..
######'#######...........+....
.............#..8...>...8...##.


You could see a troll and a gargoyle.

Vanquished Creatures
  A boulder beetle (D:9)
  3 two-headed ogres
  Pikel (D:5)
  2 unseen horrors
  A komodo dragon (D:10)
  A troll (D:10)
  Prince Ribbit (D:8)
  A shadow (D:11)
  A vampire (D:10)
  A wraith (D:9)
  Eustachio (D:4)
  8 yaks
  2 steam dragons
  A two-headed ogre zombie (D:11)
  2 acid dragons
  2 water moccasins
  A sky beast (D:7)
  A black bear (D:5)
  2 orc warriors
  An ogre (D:6)
  4 centaurs (D:11)
  3 phantoms
  3 kobold brigands
  3 bullfrogs
  A scorpion (D:4)
  2 gnoll sergeants (D:8)
  8 wights
  11 killer bees
  2 troll zombies (D:11)
  2 howler monkeys
  4 orc priests
  8 hounds
  Crazy Yiuf (D:6)
  Ijyb (D:5)
  5 iguanas
  7 orc wizards
  5 ogre zombies (D:11)
  8 gnolls
  8 adders
  3 shadow imps
  An ufetubus (D:4)
  6 worms
  4 dart slugs
  29 orcs
  6 bats
  10 endoplasms
  A giant cockroach (D:4)
  11 goblins
  5 hobgoblins
  3 quokkas
  4 ball pythons
  A frilled lizard (D:2)
  2 goblin skeletons (D:11)
  3 goblin zombies (D:11)
  2 hobgoblin skeletons (D:11)
  22 kobolds
  5 orc skeletons (D:11)
  12 orc zombies (D:11)
  7 rats
257 creatures vanquished.

Vanquished Creatures (others)
  28 plants (D:2)
28 creatures vanquished.

Grand Total: 285 creatures vanquished

Notes
Turn   | Place    | Note
-------+----------+-------------------------------------------
     0 | D:5      | Alarkh the Demonspawn Delver began the quest for the Orb.
     0 | D:5      | Reached XP level 1. HP: 18/18 MP: 1/1
    17 | D:5      | Reached skill level 2 in Unarmed Combat
   140 | D:4      | Noticed a bullfrog
   167 | D:4      | Noticed Eustachio
   167 | D:4      | Noticed a hound
   304 | D:5      | Noticed an iguana
   308 | D:5      | Noticed an orc wizard
   373 | D:5      | Noticed a lemure
   395 | D:5      | Noticed an orc priest
   541 | D:5      | Gained mutation: You have sharp fingernails. [demonic
                  | ancestry]
   541 | D:5      | Reached XP level 2. HP: 24/24 MP: 2/2
   561 | D:5      | Noticed a phantom
   584 | D:5      | Killed a phantom
   585 | D:5      | Reached skill level 4 in Unarmed Combat
   585 | D:5      | Reached XP level 3. HP: 12/29 MP: 3/3
   585 | D:5      | Gained mutation: You have a somewhat thin skeletal
                  | structure. (Dex +2, Stealth+) [demonic ancestry]
   585 | D:5      | Reached XP level 4. HP: 14/35 MP: 4/4
   755 | D:5      | Noticed a black bear
   887 | D:5      | Reached XP level 5. HP: 34/41 MP: 5/5
   928 | D:4      | Reached skill level 5 in Unarmed Combat
  1000 | D:3      | Found an opulent altar of Gozag.
  1121 | D:3      | Found a faded altar of an unknown god.
  2681 | D:2      | Gained mutation: Your demonic aura sometimes causes spilled
                  | blood to erupt in flames. [demonic ancestry]
  2681 | D:2      | Reached XP level 6. HP: 47/47 MP: 6/6
  2897 | D:3      | Reached skill level 6 in Unarmed Combat
  3095 | D:3      | Found Xoci's One-of-a-Kind Rings.
  3801 | D:4      | Reached skill level 7 in Unarmed Combat
  3810 | D:4      | Reached XP level 7. HP: 52/52 MP: 7/7
  3901 | D:4      | Killed Eustachio
  4165 | D:4      | Reached skill level 8 in Unarmed Combat
  4755 | D:4      | Found an iron altar of Okawaru.
  4853 | D:5      | Noticed Ijyb
  4867 | D:5      | Killed Ijyb
  5154 | D:5      | Gained mutation: You have a moderately thin skeletal
                  | structure. (Dex +4, Stealth++) [demonic ancestry]
  5154 | D:5      | Reached XP level 8. HP: 58/58 MP: 8/8
  5159 | D:5      | Noticed Pikel
  5186 | D:5      | Killed Pikel
  5187 | D:5      | Reached skill level 9 in Unarmed Combat
  5324 | D:5      | Reached skill level 10 in Unarmed Combat
  5466 | D:6      | Found a staircase to the Ecumenical Temple.
  5467 | D:6      | Found a blossoming altar of Fedhas.
  5511 | Temple   | Entered the Ecumenical Temple
  5561 | Temple   | Became a worshipper of Uskayaw the Reveller
  5807 | D:6      | Reached * piety under Uskayaw
  5898 | D:6      | Found a basalt altar of Yredelemnul.
  6097 | D:6      | Reached ** piety under Uskayaw
  6101 | D:6      | Reached *** piety under Uskayaw
  6108 | D:6      | Reached **** piety under Uskayaw
  6111 | D:6      | Gained mutation: Your demonic aura often causes spilled
                  | blood to erupt in flames. [demonic ancestry]
  6111 | D:6      | Reached XP level 9. HP: 46/63 MP: 9/9
  6224 | D:6      | Reached skill level 11 in Unarmed Combat
  6521 | D:6      | Found a runed translucent door.
  6522 | D:6      | Noticed Crazy Yiuf
  6657 | D:6      | Killed Crazy Yiuf
  6741 | D:7      | Found Zommus's Magic Scroll Emporium.
  6779 | D:7      | Reached skill level 1 in Armour
  6897 | D:3      | Bought a +2 ring of slaying for 273 gold pieces
  7343 | D:7      | Identified the +8 long sword of Fyjih {venom, Stlth+}
  7954 | D:7      | Found a snail-covered altar of Cheibriados.
  8268 | D:8      | Noticed Prince Ribbit
  8282 | D:8      | Killed Prince Ribbit
  8332 | D:8      | Reached skill level 12 in Unarmed Combat
  8337 | D:8      | Noticed a two-headed ogre
  8345 | D:8      | Killed a two-headed ogre
  8346 | D:8      | Gained mutation: You have an unnaturally thin skeletal
                  | structure. (Dex +6, Stealth+++) [demonic ancestry]
  8346 | D:8      | Reached XP level 10. HP: 39/73 MP: 10/10
  8851 | D:8      | Found a sparkling altar of Nemelex Xobeh.
  9026 | D:8      | Reached skill level 5 in Fighting
  9278 | D:9      | Noticed a boulder beetle
  9298 | D:9      | Killed a boulder beetle
  9541 | D:9      | Reached skill level 13 in Unarmed Combat
  9544 | D:9      | Reached ***** piety under Uskayaw
  9642 | D:9      | Noticed a two-headed ogre
  9649 | D:9      | Killed a two-headed ogre
  9650 | D:9      | Reached skill level 1 in Invocations
 10042 | D:10     | Entered Level 10 of the Dungeon
 10105 | D:10     | Found an ancient bone altar of Kikubaaqudgha.
 10118 | D:10     | Reached XP level 11. HP: 68/83 MP: 12/12
 10201 | D:10     | Found a radiant altar of Vehumet.
 10324 | D:10     | Noticed a two-headed ogre
 10334 | D:10     | Killed a two-headed ogre
 10591 | D:10     | Found a stormy altar of Qazlal.
 11412 | D:11     | Found a staircase to the Orcish Mines.
 11658 | D:11     | Found a staircase to the Lair.
 11666 | Lair:1   | Entered Level 1 of the Lair of Beasts
 12288 | D:11     | HP: 2/126 [gargoyle/stone arrow (18)]
 12288 | D:11     | Mangled by a troll

Illustrated notes

Levels and vault maps discovered:
D:1:      nicolae_arrival_washed_ashore, layout_basic
D:2:      minmay_razor_zed, layout_basic, serial_bayou, serial_bayou_lagoon_a,
          serial_bayou_shore_b, serial_bayou_shore_b, serial_bayou_pond_c
D:3:      minmay_diamond_boxcup, layout_rooms, grunt_gozag_statues,
          dreamdust_ecumenical_altar_statues, grunt_ministairs_9,
          serial_bayou_pond_a, nicolae_shop_unique_rings, kennysheep_doodads,
          cheibrodos_gnoll_hut
D:4:      layout_basic, mainiacjoe_overflow_alcove_4, uniq_eustachio
D:5:      layout_loops_corners, kennysheep_minor_cross, minmay_misc_feat_iff,
          grunt_decor_junction, uniq_ijyb, uniq_pikel
D:6:      layout_loops_cross, lemuel_doored_altar, fedhas_altar_1,
          minmay_temple_entry_large_hall, uniq_crazy_yiuf_cottage
D:7:      layout_basic, slow_altar_2, serial_shops, nicolae_shop_tiny_waterfront
D:8:      layout_loops_ring, kennysheep_mini, mainiacjoe_overflow_paths,
          serial_glass, glass_columns_b, glass_columns_b,
          dreamdust_wishing_well, columned_hall_lemuel, uniq_prince_ribbit1
D:9:      layout_cave_pools
D:10:     layout_basic, nicolae_qazlal_style_of_elements,
          mainiacjoe_overflow_cross_hatched, nicolae_overflow_hidden_temple,
          hangedman_decor_peaks_small
D:11:     layout_basic, lair_entry_dummy, zombieorc2_lemuel
Temple:   minmay_temple_bridge_abc
Lair:1:   layout_gridlike, hellmonk_guarded_unrand_seven_league_boots,
          uniq_sonja

Skill      XL: |  1  2  3  4  5  6  7  8  9 10 11 |
---------------+----------------------------------+-----
Unarmed Combat | 2 4 5 7 8 10 12 13 | 13.9
Dodging        | 3 4 |  4.0
Armour         | 2 4 |  4.0
Fighting       | 4 6 7 |  7.2
Invocations    | 2 4 |  4.4
Stealth        | |  4.5

Action                     |  1- 3 |  4- 6 |  7- 9 | 10-12 || total
---------------------------+-------+-------+-------+-------++-------
  Melee: Unarmed           |    39 |   269 |   266 |   258 ||   832
         Punch             |       |     8 |    17 |    24 ||    49
  Throw: Boomerang         |     4 |    20 |       |       ||    24
  Evoke: Wand              |       |     3 |       |     7 ||    10
    Use: Potion            |     1 |       |     5 |     4 ||    10
         Scroll            |       |     1 |     3 |     3 ||     7
   Stab: Sleeping          |       |    19 |    13 |    13 ||    45
         Paralysed         |       |       |     8 |    10 ||    18
         Distracted        |       |       |       |     1 ||     1
 Armour: Leather armour    |    10 |    15 |       |       ||    25
         Ring mail         |       |    64 |    96 |   107 ||   267
         Skin              |       |       |       |     1 ||     1
  Dodge: Dodged            |    33 |   145 |   162 |   169 ||   509
